Map: Jagannatha LE

Players

Milonga - Winner!

  • Race: Terran Terran
  • League: Platinum

jedidawn

  • Race: Zerg Zerg
  • League: Diamond

VOD

Have the link to the VOD?

Description

Time

  • Played on: Aug. 10, 2021, 3:22 p.m.
  • Length: 5:24
Show
View Real Time Build Order
Export as new Build Order

Milonga Terran - Winner!

Build Orders: 2 Factory, Gas First Reaper Expand 

Get SALT Encoding   

  12  0:00  SCV  
  13  0:12  SCV  
  14  0:17  Supply Depot  
  14  0:20  Supply Depot  
  14  0:25  SCV  
  15  0:30  Refinery  
  15  0:42  SCV  
  16  0:48  Barracks  
  16  0:54  SCV  
  17  1:06  SCV  
  18  1:18  SCV  
  19  1:34  Orbital Command  
  19  1:35  Reaper  
  20  1:52  Command Center  
  20  2:00  SCV  
  21  2:09  Factory  
  21  2:14  Barracks Reactor  
  21  2:22  Supply Depot  
  21  2:25  SCV  
  21  2:28  Refinery  
  23  2:37  SCV  
  23  2:49  SCV  
  24  3:01  Factory  
  24  3:05  Barracks Tech Lab  
  24  3:06  Orbital Command  
  24  3:08  Hellion x2  
  24  3:12  SCV  
  29  3:19  Supply Depot  
  29  3:24  SCV  
  30  3:32  Hellion  
  32  3:35  SCV  
  32  3:36  SCV  
  32  3:39  Supply Depot  
  34  3:44  Armory  
  34  3:47  SCV  
  34  3:48  SCV  
  36  3:55  Factory  
  36  3:59  Infernal Pre-Igniter  
  36  4:02  Hellion  
  38  4:08  Hellion  
  38  4:09  Hellion  
  42  4:12  SCV  
  42  4:13  SCV  
  44  4:23  Barracks Tech Lab  
  44  4:30  SCV x2  
  46  4:40  Cyclone  
  49  4:47  Supply Depot  
Show
View Real Time Build Order
Export as new Build Order

jedidawn Zerg 

Build Orders: Hatch First 

Get SALT Encoding   

  12  0:02  Drone  
  13  0:12  Overlord  
  13  0:29  Drone  
  13  0:30  Drone x2  
  16  0:50  Hatchery  
  16  0:53  Drone  
  16  0:57  Drone  
  16  1:02  Drone  
  18  1:11  Extractor  
  17  1:17  Spawning Pool  
  16  1:19  Drone  
  16  1:24  Drone  
  18  1:36  Drone  
  19  1:46  Drone  
  20  1:55  Overlord  
  20  2:03  Queen x2  
  20  2:05  Zergling x2  
  20  2:06  Zergling x2  
  26  2:13  Drone  
  27  2:17  Drone  
  28  2:23  Drone  
  29  2:33  Drone  
  30  2:44  Drone x2  
  32  2:54  Drone x2  
  32  2:57  Drone  
  34  3:01  Overlord  
  34  3:02  Hatchery  
  33  3:06  Drone  
  33  3:10  Drone  
  35  3:19  Queen  
  37  3:21  Drone x4  
  37  3:24  Metabolic Boost  
  41  3:28  Drone x2  
  43  3:46  Overlord x2  
  43  3:50  Overlord  
  43  3:55  Extractor  
  42  4:02  Drone, Overlord  
  43  4:04  Queen  
  43  4:09  Drone x3  
  48  4:12  Queen  
  48  4:13  Overlord  
  48  4:15  Drone x2  
  52  4:19  Zergling x2  
  52  4:20  Zergling x4  
  54  4:24  Zergling x2  
  55  4:31  Baneling Nest  
  55  4:34  Zergling x10  
  59  4:39  Queen  
  59  4:42  Zergling x6  
  64  4:51  Zergling x4  
  64  4:52  Zergling x2  
  63  5:05  Zergling x6  
  63  5:06  Zergling x10  
Tags
 
Add a new tag
Caveats
  • Supply blocks, unpowered buildings, or Contaminate may cause inaccurate times.
  • Supply counts are checked every 10 seconds.